 Dungeon Crawl Stone Soup version 0.30.0 (webtiles) character file.

Game seed: 4477900771448951652

80 LobsterGuardian the Magician (level 4, -3/33 HPs)
             Began as a Ghoul Hedge Wizard on May 6, 2023.
             Slain by a gnoll
             ... wielding a +0 spear
              (4 damage)
             ... on level 2 of the Dungeon.
             The game lasted 00:09:20 (2436 turns).

LobsterGuardian the Magician (Ghoul Hedge Wizard)   Turns: 2436, Time: 00:09:20

Health: -3/33      AC:  3    Str: 13    XL:     4   Next: 39%
Magic:  1/8        EV: 11    Int: 11    God:
Gold:   75         SH:  0    Dex:  8    Spells: 4/10 levels left

rFire   . . .        f - +2 dagger (elec)
rCold   + . .        (no shield)
rNeg    + + +        b - +0 robe
rPois   ∞            c - +1 hat
rElec   .            (no cloak)
rCorr   .            (no gloves)
SInv    .            (no boots)
Will    .....        (no amulet)
Stlth   ++           (no ring)
HPRegen 0.00/turn    (no ring)
MPRegen 0.11/turn

%: no passive effects
@: on blink cooldown, inhibited regen
A: claws 1, cold resistance 1, negative energy resistance 3, inhibited
regeneration, torment resistance 2, devour on kill
a: no special abilities


You were on level 2 of the Dungeon.
You visited 1 branch of the dungeon, and saw 2 of its levels.

You collected 75 gold pieces.

Inventory:

Hand Weapons
 f - a +2 dagger of electrocution (weapon)
 i - a +2 dagger of venom
Armour
 b - a +0 robe (worn)
 c - a +1 hat (worn)
Scrolls
 j - a scroll of vulnerability
Potions
 a - a potion of flight


   Skills:
 - Level 1.7 Dodging
 - Level 2.1 Stealth
 + Level 3.7 Spellcasting
 * Level 2.1 Conjurations
 - Level 0.8 Summonings
 - Level 0.8 Translocations


You had 4 spell levels left.
You knew the following spells:

 Your Spells              Type           Power      Damage    Failure   Level
a - Magic Dart            Conj           24%        1d4       10%         1
b - Slow                  Hex            8%         N/A       24%         1
c - Blink                 Tloc           6%         N/A       26%         2
d - Call Imp              Summ           6%         N/A       26%         2

Your spell library contained the following spells:

 Spells                   Type           Power      Damage    Failure   Level
 Cigotuvi's Dreadful Rot  Necr/Pois/Air  4%         N/A       36%         2
 Mephitic Cloud           Conj/Pois/Air  3%         N/A       50%         3
 Manifold Assault         Tloc           3%         N/A       86%         4
 Dispersal                Tloc           1%         N/A       100%        6
 Disjunction              Tloc           1%         N/A       100%        8


Dungeon Overview and Level Annotations

Branches:
Dungeon (2/15)

Altars:


Innate Abilities, Weirdness & Mutations

You are immune to poison.
You have sharp fingernails.
Your flesh is cold resistant. (rC+)
You are immune to negative energy. (rN+++)
You do not regenerate when monsters are visible.
You are immune to unholy pain and torment.
You thrive by killing the living.


Message History

You close the door.
Something unseen breaks down the door.
You sense a monster nearby.
It was a potion of lignification.
You feel woody for a moment.
Cast which spell? (? or * to list)
Aiming: Magic Dart (safe; 10% risk of failure)
Press: ? - help, Shift-Dir - straight line, f - gnoll
Aim: a gnoll, wielding a +0 spear (100% to hit)
The magic dart hits the gnoll.
The gnoll is lightly wounded.
The gnoll barely misses you.
Unknown command.
Casting: Magic Dart (safe; 10% risk of failure)
Confirm with . or Enter, or press ? or * to list all spells.
Aiming: Magic Dart (safe; 10% risk of failure)
Press: ? - help, Shift-Dir - straight line, f/p - gnoll
Aim: a gnoll, wielding a +0 spear (lightly wounded, 100% to hit)
The magic dart hits the gnoll.
The gnoll is lightly wounded.
The gnoll closely misses you.
Unknown command.
Casting: Magic Dart (safe; 10% risk of failure)
Confirm with . or Enter, or press ? or * to list all spells.
The spell is quite dangerous to miscast (26% risk of failure)!
Continue anyway?
You blink.
Unknown command.
There's nothing to close nearby.
As you read the scroll labelled HIMUSY WAIPS, it crumbles to dust.
It is a scroll of enchant armour.
Your +0 hat glows green for a moment.
The gnoll hits you from afar with a +0 spear.
* * * LOW HITPOINT WARNING * * *
Unknown command.
The air fills with toxic fumes!
As you read the scroll labelled HYIHUTE ZOXAC, it crumbles to dust.
It was a scroll of poison.
The gnoll hits you from afar with a +0 spear.
* * * LOW HITPOINT WARNING * * *
The gnoll hits you from afar with a +0 spear.
You die...

####################
##~##~~#P§§g§.#P..P~#
#~~~#~~#§#§§§@#..P~≈#
#~~~#~~#.######.~~≈#
#~~~~~~#P..~~.P~≈≈###P#P.
#~≈≈≈~~#Pg~~~~.~≈##.#....# #
#≈)≈≈≈≈#.~~~~≈~≈##.....#..##.#
#≈≈~~≈≈~~~≈~≈~~## #...#...#.##
#≈~)~~≈≈~≈≈≈≈~##.##P........##
#~~~#~~≈≈≈≈~~##..#.~~~~~~~~~~#
#~~g#~~≈≈≈~~##.#~.~~~~~~~~~~~#


You could see a gnoll.

Vanquished Creatures
  3 gnolls (D:2)
  A dart slug (D:1)
  5 bats (D:1)
  4 endoplasms
  3 giant cockroaches (D:1)
  4 goblins
  7 hobgoblins
  8 ball pythons (D:1)
  4 frilled lizards
  4 kobolds
  3 rats (D:1)
46 creatures vanquished.

Vanquished Creatures (others)
  A fungus (D:1)
  10 plants (D:2)
11 creatures vanquished.

Grand Total: 57 creatures vanquished

Notes
Turn   | Place    | Note
-------+----------+-------------------------------------------
     0 | D:1      | LobsterGuardian the Ghoul Hedge Wizard began the quest for
                  | the Orb.
     0 | D:1      | Reached XP level 1. HP: 14/14 MP: 3/3
   156 | D:1      | Reached skill level 3 in Spellcasting
   156 | D:1      | Reached skill level 1 in Conjurations
   159 | D:1      | Reached XP level 2. HP: 20/20 MP: 0/5
   821 | D:1      | Reached XP level 3. HP: 26/26 MP: 0/6
   964 | D:1      | Learned a level 1 spell: Slow
   967 | D:1      | Learned a level 2 spell: Blink
   970 | D:1      | Learned a level 2 spell: Call Imp
  2379 | D:2      | Reached XP level 4. HP: 26/33 MP: 1/8
  2435 | D:2      | HP: 1/33 [gnoll/+0 spear (4)]
  2436 | D:2      | Slain by a gnoll

Illustrated notes

Levels and vault maps discovered:
D:1:      wander_arrival_fairy_ring, layout_basic
D:2:      wad_lake_hut, layout_loops_ring, uniq_jessica, uniq_terence

Skill      XL: |  1  2  3  4 |
---------------+-------------+-----
Spellcasting   | 3 |  3.7
Conjurations   | 1 2 |  2.1
Dodging        | |  1.7
Stealth        | |  2.1
Summonings     | |  0.8
Translocations | |  0.8

Action                     |  1- 3 |  4- 6 || total
---------------------------+-------+-------++-------
  Melee: Dagger            |    43 |     1 ||    44
  Throw: Throwing net      |       |     1 ||     1
   Cast: Magic Dart        |    96 |     7 ||   103
         Slow              |     2 |     3 ||     5
         Call Imp          |     1 |     1 ||     2
         Blink             |       |     1 ||     1
    Use: Scroll            |     2 |     2 ||     4
         Potion            |       |     2 ||     2
 Armour: Robe              |    14 |       ||    14
  Dodge: Dodged            |    36 |     6 ||    42
